 Dungeon Crawl Stone Soup version 0.21-a0-582-g1b93aee (webtiles) character file.

53 Amnesiac the Shield-Bearer (level 4, 0/30 HPs)
             Began as a Halfling Fighter on Dec 19, 2017.
             Succumbed to a goblin's poison
             ... on level 2 of the Dungeon.
             The game lasted 00:01:59 (995 turns).

Amnesiac the Shield-Bearer (Halfling Fighter)        Turns: 995, Time: 00:02:00

Health: 0/30       AC:  6    Str: 17 (18) XL:     4   Next: 11%
Magic:  4/4        EV: 10    Int:  4 (6)  God:
Gold:   43         SH:  9    Dex: 11 (13) Spells: 3/3 levels left

rFire    . . .     SeeInvis .   a - +0 rapier
rCold    . . .     Gourm    .   c - +0 shield
rNeg     . . .     Faith    .   b - +0 scale mail
rPois    .         Spirit   .   (no helmet)
rElec    .         Reflect  .   (no cloak)
rCorr    .         Harm     .   (no gloves)
MR       .....                  (no boots)
Stlth    ..........             (no amulet)
HPRegen  0.10/turn              (no ring)
MPRegen  0.09/turn              (no ring)

@: lethally poisoned (0 -> -1)
A: small, mutation resistance 1
a: no special abilities


You were on level 2 of the Dungeon.
You were not hungry.

You visited 1 branch of the dungeon, and saw 2 of its levels.

You collected 43 gold pieces.

Inventory:

Hand Weapons
 a - a +0 rapier (weapon)
Missiles
 i - 9 stones (quivered)
 j - 18 sling bullets
Armour
 b - a +0 scale mail (worn)
 c - a +0 shield (worn)
Jewellery
 l - an uncursed amulet of faith {unknown}
Scrolls
 e - 2 scrolls of remove curse {!r, unknown}
 m - a scroll of teleportation {!r, unknown}
 p - a scroll of identify {!r, unknown}
Potions
 d - a potion of might {!q}
 n - a potion of heal wounds {!q, unknown}
 o - a potion of brilliance {!q, unknown}
Comestibles
 f - 5 rations
 g - 9 chunks of flesh


   Skills:
 + Level 2.7 Fighting
 - Level 2.4 Short Blades
 + Level 3.3 Armour
 + Level 3.3 Dodging
 + Level 3.4 Shields


You had 3 spell levels left.
You didn't know any spells.

Dungeon Overview and Level Annotations

Branches:
Dungeon (2/15)

Altars:


Innate Abilities, Weirdness & Mutations

You are small and have problems with some larger weapons.
You are somewhat resistant to further mutation.


Message History

You hit Robin.
Robin is lightly wounded.
Robin hits you with a club.
You closely miss Robin.
Robin is lightly wounded.
You feel sick. Robin throws the goblin at you! You block the goblin's attack.
You hit Robin but do no damage.
Robin is lightly wounded.
Robin hits you but does no damage. You block the goblin's attack.
You closely miss Robin.
Robin is lightly wounded.
You feel sick. Robin misses you. You block the goblin's attack.
You block Robin's attack.
A hobgoblin comes into view. It is wielding a club.
You hit Robin.
Robin is moderately wounded.
The goblin no longer looks unusually strong.
You block the goblin's attack. Robin hits you but does no damage.
You hit Robin but do no damage.
Robin is moderately wounded.
The hobgoblin no longer looks unusually strong.
You block the goblin's attack. Robin misses you.
You hit Robin.
Robin is moderately wounded.
You feel sick. The goblin closely misses you. You block Robin's attack.
You hit Robin.
Robin is heavily wounded.
The goblin misses you.
Robin roars a battlecry!
The goblins go into a battle-frenzy!
You hit Robin.
Robin is severely wounded.
You block the goblin's attack. You block Robin's attack.
Your shield and scale mail prevent you from hitting Robin.
Robin is severely wounded.
You block the goblin's attack. Robin misses you.
You puncture Robin!
You kill Robin!
You have reached level 4!
You feel sick. The goblin hits you with a club.
* * * LOW HITPOINT WARNING * * *
You completely miss the goblin. The goblin barely misses you.
You block the hobgoblin's attack.
You barely miss the goblin. The goblin barely misses you.
The hobgoblin misses you.
You closely miss the goblin.
You feel sick. You block the goblin's attack. The hobgoblin closely misses you.
You hit the goblin.
The goblin is moderately wounded.
You block the goblin's attack. The hobgoblin hits you with a club.
* * * LOW HITPOINT WARNING * * *
You block the goblin's attack.
You hit the hobgoblin but do no damage. The hobgoblin hits you with a club!
* * * LOW HITPOINT WARNING * * *
The goblin hits you but does no damage.
Really quaff
h - a fuming inky potion {!q}?
It was a potion of cancellation {!q}.
You feel magically purged. The hobgoblin hits you with a club.
* * * LOW HITPOINT WARNING * * *
Really quaff
k - a viscous ruby potion {!q}?
It was a potion of degeneration {!q}.
There was something very wrong with that liquid.
You feel weakened.
You feel dopey.
You feel clumsy.
You die...

# #..# # #.# #..# ###### #.#
#... .(...# #.# g# ##..
.....# #.# g# .. .....# #.#
g# .. .....# #.# g# .....#
#g# .# .....# #@# .#
.....###########g####.#
.....#............(g.g#
.....#.#########.(..).((....
........# ############.
####...## #..## #..# #.[#


You could see a hobgoblin and a goblin.

Vanquished Creatures
  Robin (D:2)
  An ooze (D:1)
  2 worms (D:2)
  A leopard gecko (D:1)
  3 giant cockroaches
  5 goblins
  3 hobgoblins (D:1)
  3 ball pythons
  4 bats
  2 frilled lizards
  5 kobolds (D:1)
  5 rats
35 creatures vanquished.

Notes
Turn   | Place    | Note
-------+----------+-------------------------------------------
     0 | D:1      | Amnesiac the Halfling Fighter began the quest for the Orb.
     0 | D:1      | Reached XP level 1. HP: 15/15 MP: 1/1
    24 | D:1      | Reached skill level 1 in Dodging
    45 | D:1      | Reached XP level 2. HP: 16/20 MP: 2/2
   360 | D:1      | Reached XP level 3. HP: 25/25 MP: 3/3
   964 | D:2      | Noticed Robin
   988 | D:2      | Killed Robin
   988 | D:2      | Reached XP level 4. HP: 20/30 MP: 4/4
   994 | D:2      | HP: 1/30 [hobgoblin/club[Robin] (2)]
   995 | D:2      | Succumbed to a goblin's poison

Vault maps used:
D:1:      ncdulo_halloftheorcs
D:2:      nicolae_dithmenos_through_a_glass_darkly, first_ration,
          minmay_small_reverse_x, uniq_robin

Skill      XL: |  1  2  3 |
---------------+----------+-----
Dodging        | 1 2 3 |  3.3
Fighting       | |  2.7
Short Blades   | |  2.4
Armour         | |  3.3
Shields        | |  3.4

Action                   |  1- 3 |  4- 6 || total
-------------------------+-------+-------++-------
Melee: Rapier            |   100 |     5 ||   105
Throw: Stone             |    28 |       ||    28
  Use: Potion            |       |     2 ||     2
Armor: Scale mail        |    22 |       ||    22
Dodge: Dodged            |    44 |     4 ||    48
Block: Shield            |    43 |     4 ||    47

Table legend:
 A = Spawn XP
 B = Non-spawn XP
 C = Spawn XP percentage of total XP
 D = Spawn monster count
 E = Non-spawn monster count
 F = Spawn count percentage of total count
 G = Total turns spent on level
                    A         B        C        D         E        F      G
               +---------+---------+-------+---------+---------+-------+---------
         Total |       0 |      77 |   0.0 |       0 |      35 |   0.0 |   995
               +---------+---------+-------+---------+---------+-------+---------
           D:1 |       0 |      37 |   0.0 |       0 |      21 |   0.0 |   698
           D:2 |       0 |      40 |   0.0 |       0 |      14 |   0.0 |   297
               +---------+---------+-------+---------+---------+-------+---------
